Map: Habitation Station LE (Void)

Players

RuFF

  • Race: Terran Terran
  • League: Master
  • Spawn Location: 1:00

PiG - Winner!

  • Race: Zerg Zerg
  • League: Grandmaster
  • Spawn Location: 11:00

VOD

Have the link to the VOD?

Description

Time

  • Played on: Dec. 11, 2016, 4:34 p.m.
  • Length: 17:29
Show
View Real Time Build Order
Export as new Build Order

RuFF Terran 

Build Orders: Mech 

Get SALT Encoding   

  12  0:00  SCV  
  13  0:12  SCV  
  14  0:20  Supply Depot  
  14  0:25  SCV  
  15  0:29  Refinery  
  15  0:41  SCV  
  16  0:45  Barracks  
  16  0:53  SCV  
  17  1:06  SCV  
  18  1:18  SCV  
  19  1:31  Orbital Command  
  19  1:33  Marine  
  19  1:34  Factory  
  20  1:46  Supply Depot  
  20  1:50  Marine  
  21  1:58  SCV  
  22  2:10  Command Center  
  22  2:11  Barracks Tech Lab  
  22  2:20  Supply Depot  
  22  2:26  SCV  
  23  2:34  Siege Tank  
  26  2:38  SCV  
  27  2:54  Command Center  
  27  2:59  Refinery  
  27  3:02  SCV  
  28  3:11  Siege Tank  
  31  3:14  SCV  
  32  3:23  Orbital Command  
  32  3:33  SCV  
  33  3:37  Armory  
  33  3:41  Refinery  
  33  3:45  SCV  
  33  3:46  Refinery  
  34  3:49  SCV  
  35  3:58  SCV  
  35  4:02  SCV  
  37  4:03  Engineering Bay  
  37  4:10  SCV  
  37  4:14  SCV  
  39  4:22  SCV  
  40  4:26  SCV  
  40  4:28  Planetary Fortress  
  40  4:30  Missile Turret  
  41  4:34  Terran Vehicle Weapons Level 1, SCV  
  41  4:38  SCV  
  43  4:46  SCV  
  43  4:49  Thor  
  43  4:50  SCV  
  51  4:57  Missile Turret  
  51  4:58  SCV  
  52  5:01  Missile Turret  
  52  5:02  SCV  
  53  5:07  Missile Turret  
  53  5:09  SCV  
  54  5:14  SCV  
  54  5:15  Missile Turret  
  54  5:16  SCV  
  54  5:21  SCV  
  57  5:24  Supply Depot  
  57  5:26  SCV  
  58  5:28  SCV  
  58  5:31  Factory  
  58  5:33  Factory, SCV  
  60  5:38  Thor  
  60  5:41  SCV  
  67  5:46  Thor  
  67  5:50  Missile Turret  
  67  5:54  SCV  
  68  5:58  Starport  
  68  5:59  Starport  
  68  6:02  Armory  
  68  6:06  SCV x2  
  70  6:12  Factory  
  70  6:13  SCV  
  72  6:18  SCV  
  72  6:21  Refinery  
  72  6:22  SCV  
  72  6:23  Refinery  
  74  6:25  SCV  
  74  6:29  Factory Reactor, Factory Tech Lab  
  74  6:33  Siege Tank  
  74  6:37  SCV  
  77  6:42  Starport Reactor, Starport Tech Lab  
  77  6:46  Terran Vehicle Weapons Level 2, Fusion Core  
  77  6:55  Terran Vehicle And Ship Armor Level 1  
  77  6:58  Supply Depot  
  77  6:59  Supply Depot x2  
  77  7:01  Supply Depot x2  
  77  7:04  Supply Depot x2  
  77  7:09  Factory Tech Lab  
  77  7:14  Liberator  
  77  7:17  Command Center  
  77  7:20  Siege Tank, SCV x3, Hellion  
  85  7:27  Raven  
  87  7:32  SCV  
  87  7:36  Advanced Ballistics  
  91  7:39  Hellion x3  
  97  7:44  Liberator  
  97  7:49  Siege Tank  
  100  7:52  Siege Tank  
  100  7:57  Supply Depot  
  100  7:58  Supply Depot  
  106  8:06  Hellion, Hellbat x2  
  112  8:20  Barracks  
  112  8:22  Missile Turret  
  112  8:23  Siege Tank  
  112  8:24  Siege Tank  
  118  8:35  Siege Tank  
  118  8:36  Hellion x2  
  118  8:39  Liberator  
  125  8:44  Sensor Tower  
  125  8:55  Siege Tank  
  125  8:57  Hellion  
  125  8:58  Hellion  
  135  9:05  Missile Turret  
  135  9:08  Missile Turret  
  130  9:18  Siege Tank x2  
  130  9:20  Hellion  
  138  9:27  Siege Tank  
  141  9:37  SCV x3  
  144  9:46  Planetary Fortress  
  144  9:49  Liberator, SCV x3  
  144  9:50  Siege Tank  
  125  10:00  Siege Tank x2  
  129  10:07  SCV  
  129  10:08  SCV  
  129  10:10  SCV  
  132  10:22  SCV  
  132  10:25  Missile Turret  
  132  10:28  Missile Turret  
  133  10:34  Refinery  
  133  10:35  Refinery, Missile Turret  
  133  10:43  Missile Turret  
  133  10:44  Missile Turret, SCV  
  133  10:45  Sensor Tower  
  134  10:53  Hellion x2  
  134  10:54  Hellion x2  
  134  10:56  Terran Vehicle And Ship Armor Level 2  
  142  11:23  Liberator x3  
  131  11:30  Siege Tank x2  
  131  11:31  Siege Tank  
  132  11:50  Terran Vehicle Weapons Level 3  
  132  11:51  SCV  
  132  11:52  SCV  
  134  11:55  Hellion x2  
  138  12:02  Thor  
  138  12:07  Liberator x2, Hellion x16  
  138  12:08  Liberator  
  144  12:12  Thor  
  144  12:15  Thor  
  148  12:42  Supply Depot  
  148  12:44  Supply Depot x2, Hellion x2  
  152  12:46  Hellion  
  154  13:02  Liberator  
  154  13:03  Liberator x2  
  154  13:05  Hellion  
  156  13:13  Infernal Pre-Igniter  
  138  13:29  Siege Tank x3  
  147  13:53  Hellion  
  147  13:54  Hellion  
  151  14:01  Siege Tank x3  
  160  14:15  Hellion x2  
  164  14:20  Command Center  
  164  14:33  Hellion, Siege Tank  
  159  15:01  Siege Tank  
  159  15:05  Siege Tank  
  157  15:13  SCV  
  157  15:14  SCV  
  139  15:33  Siege Tank  
  94  16:07  Barracks  
  94  16:10  Starport  
  94  16:11  Starport  
  89  16:12  Starport  
  87  16:28  Engineering Bay  
  71  17:06  Starport Tech Lab x3  
  63  17:12  Factory  
  63  17:13  Factory  
  63  17:14  Factory  
  34  17:16  Supply Depot x2  
  34  17:17  Factory, Supply Depot  
Show
View Real Time Build Order
Export as new Build Order

PiG Zerg - Winner!

Build Orders: Hatch First 

Get SALT Encoding   

  12  0:01  Drone  
  13  0:13  Overlord  
  13  0:18  Drone  
  14  0:32  Drone x2  
  17  0:35  Drone  
  17  0:51  Hatchery  
  17  0:54  Drone  
  17  0:57  Drone  
  18  1:08  Extractor  
  17  1:15  Drone, Spawning Pool  
  17  1:18  Drone  
  18  1:29  Drone  
  19  1:41  Overlord  
  19  1:51  Drone  
  20  2:02  Zergling x2, Queen  
  20  2:05  Queen  
  20  2:06  Zergling x2  
  26  2:09  Metabolic Boost  
  26  2:14  Drone x2  
  28  2:23  Drone  
  29  2:35  Drone  
  29  2:36  Hatchery  
  29  2:39  Drone  
  30  2:45  Queen  
  32  2:52  Drone, Overlord  
  33  3:02  Drone  
  34  3:07  Drone x2  
  36  3:13  Drone x3  
  36  3:14  Drone  
  36  3:18  Drone  
  41  3:21  Overlord  
  41  3:24  Drone x2  
  43  3:29  Drone  
  44  3:36  Overlord  
  44  3:37  Pneumatized Carapace  
  44  3:44  Drone x3  
  44  3:45  Extractor  
  46  3:53  Drone x5  
  50  4:02  Queen x2  
  52  4:05  Overlord x2  
  54  4:17  Drone x6  
  54  4:22  Overlord x2  
  54  4:23  Zergling x2  
  61  4:40  Evolution Chamber, Roach Warren, Lair  
  61  4:41  Evolution Chamber  
  61  4:42  Drone x3  
  61  4:44  Extractor  
  60  4:47  Queen  
  60  4:49  Drone x2  
  60  4:52  Drone x3  
  67  4:54  Extractor  
  67  4:55  Drone  
  67  4:58  Drone x2  
  69  5:15  Overlord x2  
  69  5:16  Zerg Missile Weapons Level 1, Zerg Ground Armor Level 1  
  69  5:18  Queen  
  69  5:20  Drone x4  
  69  5:21  Drone x2  
  77  5:29  Roach  
  77  5:30  Roach x4  
  77  5:32  Drone  
  77  5:34  Drone, Extractor  
  88  5:36  Extractor  
  87  5:43  Drone x2  
  87  5:44  Drone x2  
  87  5:45  Drone x2  
  93  5:54  Overlord  
  93  5:58  Hatchery, Hydralisk Den  
  93  5:59  Drone x2, Infestation Pit  
  93  6:01  Drone  
  93  6:02  Drone  
  94  6:06  Drone, Overlord  
  94  6:07  Overlord  
  94  6:08  Glial Reconstitution  
  95  6:13  Extractor  
  95  6:16  Extractor  
  93  6:31  Drone x4  
  93  6:32  Drone x3  
  100  6:33  Drone x5  
  100  6:35  Drone x4  
  109  6:44  Hive  
  109  6:47  Hydralisk x5  
  109  6:50  Overseer  
  119  7:03  Overlord x2  
  119  7:05  Muscular Augments  
  119  7:06  Hydralisk x4  
  127  7:11  Roach x3  
  127  7:15  Zerg Missile Weapons Level 2, Zerg Ground Armor Level 2  
  133  7:23  Overlord x4  
  133  7:29  Spore Crawler, Hydralisk x3  
  134  7:30  Spore Crawler  
  134  7:35  Overlord  
  137  7:57  Viper x4  
  149  8:01  Ravager  
  149  8:02  Hatchery  
  149  8:04  Extractor  
  149  8:05  Extractor  
  147  8:12  Viper  
  150  8:14  Overlord x2  
  148  8:39  Drone  
  148  8:40  Drone x3  
  148  8:41  Drone x3  
  155  8:45  Evolution Chamber  
  155  8:46  Evolution Chamber x2  
  152  8:49  Evolution Chamber, Hydralisk x11  
  152  8:50  Hydralisk  
  175  8:59  Spire  
  175  9:00  Hydralisk x2  
  176  9:15  Hydralisk x6  
  176  9:16  Roach x2  
  176  9:17  Roach x2  
  196  9:20  Overlord  
  196  9:23  Overseer  
  196  9:29  Spine Crawler x2  
  196  9:30  Spine Crawler  
  193  9:31  Spine Crawler x3  
  193  9:32  Spine Crawler  
  193  9:35  Hydralisk x6  
  192  9:44  Zerg Missile Weapons Level 3, Zerg Ground Armor Level 3  
  169  10:09  Hydralisk x8  
  169  10:13  Zerg Flyer Armor Level 1  
  185  10:19  Drone  
  186  10:23  Drone x3  
  186  10:27  Overlord  
  189  10:29  Hatchery  
  189  10:30  Extractor x2  
  186  10:36  Overseer  
  186  10:41  Overlord  
  186  10:42  Viper  
  189  10:50  Spire  
  188  11:06  Drone  
  188  11:07  Drone x7  
  188  11:08  Drone x2  
  198  11:11  Drone  
  197  11:23  Evolution Chamber  
  197  11:24  Evolution Chamber x2  
  197  11:25  Evolution Chamber x2  
  188  11:49  Drone x3  
  188  11:50  Drone x3  
  188  11:51  Drone x3  
  184  12:20  Hydralisk x10  
  191  12:27  Viper x2  
  197  12:34  Zerg Flyer Weapons Level 1  
  197  12:35  Greater Spire  
  197  12:37  Drone x2  
  197  12:43  Zerg Melee Weapons Level 1  
  197  12:44  Adrenal Glands  
  199  12:45  Ultralisk Cavern  
  198  13:04  Overlord  
  169  13:38  Hydralisk x4  
  177  13:42  Hydralisk x11  
  199  13:57  Spore Crawler x2  
  197  14:15  Hatchery  
  197  14:17  Extractor x2  
  192  14:32  Roach x2  
  192  14:33  Roach x2  
  182  14:51  Roach x3  
  182  14:52  Roach  
  170  15:07  Roach x10  
  178  15:17  Hydralisk x2  
  178  15:18  Hydralisk x9  
  200  15:35  Hydralisk x2  
  196  15:41  Viper x2  
  180  15:44  Hydralisk x8  
  180  15:48  Hydralisk x5  
  181  16:08  Hydralisk x9  
  176  16:35  Viper x3  
  176  16:36  Hydralisk x2  
  176  16:37  Hydralisk x4  
  193  16:41  Spore Crawler  
  193  16:42  Hydralisk x7  
  191  16:58  Hatchery  
Tags
 
Add a new tag
Caveats
  • Supply blocks, unpowered buildings, or Contaminate may cause inaccurate times.
  • Supply counts are checked every 10 seconds.